 Dungeon Crawl Stone Soup version 0.21-a0-78-g82a99e0 (webtiles) character file.

74 Laraso the Conjurer (level 4, -2/24 HPs)
             Began as a Tengu Air Elementalist on June 19, 2017.
             Slain by Natasha (6 damage)
             ... on level 2 of the Dungeon on June 20, 2017.
             The game lasted 00:05:43 (2386 turns).

Laraso the Conjurer (Tengu Air Elementalist)        Turns: 2386, Time: 00:05:43

Health: -2/24      AC:  6    Str:  8    XL:     4   Next: 30%
Magic:  8/8        EV: 12    Int: 17    God:
Gold:   85         SH:  0    Dex: 14    Spells: 1/7 levels left

rFire    . . .     SeeInvis .   d - +0 whip
rCold    . . .     Gourm    .   (no shield)
rNeg     . . .     Faith    .   a - +0 robe
rPois    .         Spirit   .   (helmet restricted)
rElec    .         Reflect  .   (no cloak)
rCorr    .         Harm     .   (no gloves)
MR       .....                  (boots unavailable)
Stlth    ++........             (no amulet)
HPRegen  0.08/turn              g - +4 ring of protection
MPRegen  0.11/turn              (no ring)

@: no status effects
A: beak, talons 3
a: no special abilities


You were on level 2 of the Dungeon.
You were not hungry.

You visited 1 branch of the dungeon, and saw 2 of its levels.

You collected 85 gold pieces.

Inventory:

Hand Weapons
 d - a +0 whip (weapon)
Armour
 a - a +0 robe (worn)
Jewellery
 g - a +4 ring of protection (left hand)
Scrolls
 i - 2 scrolls of enchant weapon
 k - a scroll of remove curse
 l - 2 scrolls of teleportation
Potions
 e - a potion of haste
 f - a potion of agility
 m - a potion of degeneration {unknown}
Books
 b - a book of Air

   Spells                             Type                      Level
   a - Shock                          Conjuration/Air              1
   b - Swiftness                      Charms/Air                   2
   c - Static Discharge               Conjuration/Air              3
   d - Airstrike                      Air                          4
   e - Lightning Bolt                 Conjuration/Air              5
Comestibles
 c - 3 bread rations
 h - a chunk of flesh


   Skills:
 - Level 2.1 Dodging
 - Level 2.0 Stealth
 * Level 2.1 Spellcasting
 - Level 5.2 Conjurations
 - Level 4.0 Air Magic


You had one spell level left.
You knew the following spells:

 Your Spells              Type           Power        Failure   Level  Hunger
a - Shock                 Conj/Air       ###.         2%          1    #......
b - Static Discharge      Conj/Air       ###.....     9%          3    ###....
s - Swiftness             Chrm/Air       #.......     13%         2    ###....


Dungeon Overview and Level Annotations

Branches:
Dungeon (2/15)

Altars:
Elyvilon

Annotations:
D:2 Natasha


Innate Abilities, Weirdness & Mutations

You have a beak for a mouth.
You have claws for feet.


Message History

A worm is nearby!
A worm is nearby!
Aim: a worm (hasn't noticed you)
The zap hits the worm.
You now have 7/8 mp.
Aim: a worm (lightly wounded)
The zap hits the worm.
Aim: a worm (heavily wounded)
The zap hits the worm.
Aim: a worm (severely wounded)
The zap hits the worm.
Aim: a worm (severely wounded)
The zap hits the worm.
You kill the worm!
You can't see any susceptible monsters within range! (Use Z to cast anyway.)
You now have 3/8 mp.
Unknown command.
You see here a worm corpse.
You butcher the worm corpse.
h - a chunk of flesh You start resting.
MP restored: 8 You open the door.
You open the door.
There is an open door here.
There is an open door here.
Natasha, Servant of Life and Death comes into view.
Natasha is nearby!
Natasha is nearby!
Aim: Natasha (resting)
The zap hits Natasha.
Natasha mumbles some strange words.
Natasha's front paws start to glow.
You now have 7/8 mp.
You hit Natasha. Natasha barely misses you.
You hit Natasha. Your kick misses Natasha. Natasha misses you.
You hit Natasha but do no damage. You claw Natasha, but do no damage.
You peck Natasha.
Natasha stares at you and mumbles some strange words.
The magic dart hits you!
You take 8 damage, and have 16/24 hp.
MASSIVE DAMAGE!!
You closely miss Natasha. Natasha barely misses you.
You hit Natasha but do no damage.
Natasha howls an incantation.
You feel disoriented. Natasha claws you but does no damage.
You barely miss Natasha. Natasha closely misses you.
You hit Natasha but do no damage. Your peck misses Natasha.
Natasha growls.
Natasha casts a spell at you. The magic dart hits you!
* * * LOW HITPOINT WARNING * * *
You take 4 damage, and have 12/24 hp.
MP restored: 8 You barely miss Natasha.
You peck Natasha, but do no damage.
Natasha stares at you and mumbles some strange words.
The magic dart hits you!
* * * LOW HITPOINT WARNING * * *
Natasha claws you.
You die...

####....... #######
#...$..... +>.....
#........ ###...##
#....... ..#≈≈...≈≈
#...... ..#≈..♣..≈
#..... .......... #...h#
#+..♣._.♣. #...@#
#......... #....#
#.#≈..♣..≈
###....#######.#≈≈...≈≈
................###...##
###############'####....
#.............
########..........###
.......'..........###
########.............


You could see Natasha.

Vanquished Creatures
  Terence (D:2)
  2 worms (D:2)
  2 dart slugs (D:1)
  3 giant cockroaches (D:1)
  7 goblins
  6 hobgoblins
  A ball python (D:1)
  6 bats
  5 frilled lizards
  2 kobolds (D:1)
  5 rats
40 creatures vanquished.

Vanquished Creatures (others)
  A goblin (D:2)
1 creature vanquished.

Grand Total: 41 creatures vanquished

Notes
Turn   | Place    | Note
-------+----------+-------------------------------------------
     0 | D:1      | Laraso the Tengu Air Elementalist began the quest for the Orb.
     0 | D:1      | Reached XP level 1. HP: 10/10 MP: 4/4
    60 | D:1      | Reached skill level 2 in Conjurations
    68 | D:1      | HP: 4/10 [bounced beam (5)]
    84 | D:1      | HP: 1/10 [dart slug/slug dart (3)]
    85 | D:1      | Reached XP level 2. HP: 2/15 MP: 0/6
   339 | D:1      | Upgraded the game from 0.21-a0-71-g5e5ddd2 to 0.21-a0-78-g82a99e0
   372 | D:1      | Learned a level 2 spell: Swiftness
   436 | D:1      | Reached skill level 3 in Conjurations
  1316 | D:1      | Reached XP level 3. HP: 19/19 MP: 5/7
  1513 | D:2      | Reached skill level 4 in Conjurations
  1527 | D:2      | Learned a level 3 spell: Static Discharge
  1530 | D:2      | Found a white marble altar of Elyvilon.
  2035 | D:2      | Noticed Terence
  2218 | D:2      | Killed Terence
  2218 | D:2      | Reached skill level 5 in Conjurations
  2218 | D:2      | Reached XP level 4. HP: 24/24 MP: 0/8
  2377 | D:2      | Noticed Natasha
  2386 | D:2      | HP: 4/24 [Natasha/magic dart (8)]
  2386 | D:2      | Slain by Natasha

Vault maps used:
D:1:      dpeg_arrival_pits
D:2:      kennysheep_the_goblin_king, first_bread, elyvilon_altar_4,
          uniq_terence, uniq_natasha

Skill      XL: |  1  2  3 |
---------------+----------+-----
Conjurations   | 2 3 5 |  5.2
Dodging        | |  2.1
Stealth        | |  2.0
Spellcasting   | |  2.1
Air Magic      | |  4.0

Action                   |  1- 3 |  4- 6 || total
-------------------------+-------+-------++-------
Melee: Unarmed           |     2 |       ||     2
       Kick              |     3 |     1 ||     4
       Whip              |    11 |     8 ||    19
       Peck              |       |     2 ||     2
 Cast: Shock             |    68 |     7 ||    75
       Swiftness         |     2 |       ||     2
  Use: Scroll            |     7 |       ||     7
 Stab: Sleeping          |     1 |       ||     1
  Eat: Chunk             |     4 |       ||     4
       Royal jelly       |     1 |       ||     1
Armor: Robe              |    10 |     1 ||    11
Dodge: Dodged            |    25 |     4 ||    29

Table legend:
 A = Kills in this place as a percentage of kills in entire the game.
 B = Kills by you in this place as a percentage of kills by you in the entire game.
 C = Kills by friends in this place as a percentage of kills by friends in the entire game.
 D = Other kills in this place as a percentage of other kills in the entire game.
 E = Experience gained in this place as a percentage of experience gained in the entire game.
 F = Experience gained in this place divided by the number of levels of this place that you have seen.
                   A       B       C       D       E      F
               +-------+-------+-------+-------+-------+----------------------
         Total | 100.0 | 100.0 |  -nan |  -nan | 100.0 |  53.5
       Dungeon | 100.0 | 100.0 |  -nan |  -nan | 100.0 |  53.5
               +-------+-------+-------+-------+-------+----------------------

Table legend:
 A = Turns spent in this place as a percentage of turns spent in the entire game.
 B = Non-inter-level travel turns spent in this place as a percentage of non-inter-level travel turns spent in the entire game.
 C = Inter-level travel turns spent in this place as a percentage of turns spent in this place.
 D = Turns resting spent in this place as a percentage of non-inter-level travel turns spent in this place.
 E = Turns spent auto-exploring this place as a percentage of non-inter-level travel turns spent in this place.
 F = Non-inter-level travel turns spent in this place divided by the number of levels of this place that you've seen.
                   A       B       C       D       E      F
               +-------+-------+-------+-------+-------+----------------------
         Total | 100.0 | 100.0 |   0.3 |  10.9 |   9.2 | 343.0
       Dungeon | 100.0 | 100.0 |   0.3 |  10.9 |   9.2 | 343.0
               +-------+-------+-------+-------+-------+----------------------

Vault maps used:
D:1:      dpeg_arrival_pits
D:2:      kennysheep_the_goblin_king, first_bread, elyvilon_altar_4,
          uniq_terence, uniq_natasha
